Map: [ESL] Ancient Cistern

Players

trigger - Winner!

  • Race: Protoss Protoss
  • Spawn Location: 1:00

SpeCial

  • Race: Terran Terran
  • Spawn Location: 7:00

Event: ESL SC2 Masters 2023 Summer (Regionals)

VOD

Have the link to the VOD?

Description

Time

  • Played on: May 11, 2023, 2:51 p.m.
  • Length: 9:33

All games in this series

Show
View Real Time Build Order
Export as new Build Order

trigger Protoss - Winner!

Build Orders: 1 Gate Expand, Blink Stalkers, Colossus Rush 

Get SALT Encoding   

  12  0:00  Probe  
  13  0:12  Probe  
  14  0:16  Pylon  
  14  0:24  Probe (Chrono Boost)  
  16  0:35  Gateway  
  16  0:37  Probe (Chrono Boost)  
  16  0:42  Probe (Chrono Boost)  
  16  0:45  Assimilator  
  17  0:51  Probe  
  18  1:03  Probe  
  19  1:15  Probe  
  20  1:22  Cybernetics Core  
  20  1:31  Nexus  
  20  1:34  Probe  
  21  1:41  Pylon  
  21  1:46  Assimilator  
  21  1:49  Probe  
  22  1:56  Stalker (Chrono Boost)  
  24  2:01  Probe  
  25  2:09  Warp Gate  
  25  2:13  Probe  
  25  2:16  Adept (Chrono Boost)  
  27  2:25  Probe  
  28  2:37  Twilight Council  
  28  2:38  Probe  
  29  2:45  Stalker  
  29  2:47  Probe  
  29  2:50  Probe  
  33  2:59  Probe  
  33  3:02  Probe  
  35  3:05  Gateway  
  35  3:09  Pylon  
  35  3:11  Probe  
  35  3:12  Blink (Chrono Boost)  
  36  3:14  Probe  
  37  3:23  Probe  
  38  3:28  Probe  
  39  3:36  Probe  
  39  3:40  Robotics Facility  
  40  3:45  Probe  
  41  3:49  Nexus  
  41  3:52  Probe  
  42  3:57  Probe  
  42  3:59  Stalker  
  45  4:05  Probe  
  45  4:06  Stalker  
  45  4:09  Pylon  
  48  4:12  Probe  
  49  4:23  Probe (Chrono Boost)  
  47  4:28  Observer  
  47  4:30  Probe (Chrono Boost)  
  49  4:34  Probe (Chrono Boost), Assimilator  
  51  4:38  Probe (Chrono Boost), Assimilator  
  51  4:39  Probe (Chrono Boost)  
  51  4:42  Stalker  
  53  4:49  Probe x2 (Chrono Boost)  
  55  4:55  Observer  
  55  4:57  Robotics Bay  
  55  5:01  Probe x2 (Chrono Boost)  
  55  5:03  Probe (Chrono Boost)  
  55  5:06  Gateway  
  58  5:07  Gateway  
  58  5:10  Probe x2 (Chrono Boost)  
  58  5:11  Probe (Chrono Boost)  
  59  5:15  Probe (Chrono Boost), Pylon  
  59  5:16  Probe x2 (Chrono Boost)  
  59  5:17  Observer  
  59  5:21  Charge  
  63  5:25  Observer  
  63  5:26  Pylon  
  63  5:27  Probe  
  63  5:28  Probe x2  
  66  5:29  Observer  
  66  5:33  Observer  
  66  5:34  Stalker x2  
  70  5:39  Probe  
  70  5:40  Probe  
  70  5:41  Probe, Pylon  
  73  5:44  Colossus (Chrono Boost)  
  79  5:51  Probe  
  79  5:54  Probe  
  81  6:02  Stalker x3  
  85  6:08  Shield Battery  
  83  6:15  Zealot  
  83  6:16  Shield Battery  
  83  6:26  Stalker x3  
  83  6:29  Probe (Chrono Boost)  
  83  6:31  Probe (Chrono Boost)  
  88  6:41  Probe (Chrono Boost)  
  88  6:43  Probe (Chrono Boost)  
  88  6:47  Probe (Chrono Boost)  
  88  6:48  Probe (Chrono Boost)  
  88  6:50  Probe (Chrono Boost), Stalker x3  
  88  6:51  Stalker  
  96  6:59  Pylon  
  96  7:02  Forge  
  96  7:04  Pylon, Gateway  
  96  7:07  Gateway  
  96  7:08  Assimilator  
  96  7:13  Stalker x2  
  96  7:14  Stalker  
  99  7:17  Probe x2  
  101  7:24  Shield Battery  
  101  7:26  Warp Prism (Chrono Boost)  
  101  7:29  Zealot  
  105  7:33  Gateway  
  105  7:37  Pylon  
  105  7:38  Zealot  
  105  7:39  Pylon, Zealot  
  105  7:41  Zealot  
  111  7:49  Gateway  
  111  7:53  Zealot  
  111  7:55  Pylon  
  113  7:58  Zealot x2  
  113  8:01  Zealot  
  106  8:18  Stalker x3  
  106  8:19  Stalker x2  
  112  8:29  Zealot  
  112  8:30  Zealot  
  116  8:34  Nexus  
  116  8:41  Pylon  
  116  8:44  Stalker x5  
  121  8:51  Stalker  
  121  8:52  Stalker  
  109  9:09  Gateway  
  107  9:11  Gateway x2  
  107  9:13  Gateway  
  107  9:15  Stalker x2  
Show
View Real Time Build Order
Export as new Build Order

SpeCial Terran 

Build Orders:  

Get SALT Encoding   

  12  0:00  SCV  
  13  0:12  SCV  
  14  0:16  Supply Depot  
  14  0:24  SCV  
  15  0:38  SCV  
  15  0:39  Barracks  
  16  0:44  Refinery  
  16  0:50  SCV  
  16  0:53  Refinery  
  17  1:02  SCV  
  18  1:14  SCV  
  19  1:26  Reaper  
  19  1:27  Orbital Command  
  20  1:36  Supply Depot  
  20  1:42  Factory  
  20  1:54  SCV  
  21  1:58  Reaper  
  22  2:06  SCV  
  23  2:18  Command Center  
  23  2:21  SCV  
  24  2:26  Hellion  
  26  2:36  Starport  
  27  2:37  SCV  
  27  2:48  Widow Mine  
  27  2:50  Barracks Reactor  
  29  2:51  SCV, Supply Depot  
  30  3:03  SCV  
  31  3:13  Widow Mine, Medivac  
  31  3:19  SCV  
  36  3:22  Refinery  
  36  3:29  Marine x2  
  37  3:35  Widow Mine  
  37  3:36  SCV  
  37  3:37  Orbital Command  
  39  3:41  Bunker  
  39  3:47  Fusion Core  
  39  3:48  Starport Tech Lab  
  39  3:50  Marine x2  
  39  3:53  SCV  
  42  3:59  Factory Tech Lab  
  42  4:04  SCV  
  42  4:05  SCV  
  42  4:08  Marine x2  
  46  4:16  SCV  
  47  4:17  SCV  
  47  4:20  Supply Depot  
  48  4:26  Marine  
  48  4:28  SCV  
  50  4:32  SCV  
  51  4:40  SCV  
  51  4:43  Battlecruiser  
  58  4:47  SCV  
  58  4:52  SCV  
  58  4:53  Siege Tank  
  58  4:57  Marine  
  62  5:02  Supply Depot  
  62  5:06  Marine, SCV x2  
  62  5:15  Marine  
  62  5:18  SCV x2  
  65  5:23  Marine  
  65  5:25  Siege Tank, Supply Depot  
  69  5:30  SCV  
  69  5:33  Marine  
  69  5:34  SCV  
  72  5:39  Supply Depot  
  72  5:41  Marine  
  72  5:42  SCV  
  74  5:46  SCV  
  75  5:51  Marine  
  75  5:54  SCV  
  77  5:57  Siege Tank  
  77  5:58  Battlecruiser  
  77  6:00  Marine  
  85  6:06  SCV x2  
  85  6:08  Marine  
  86  6:18  SCV x2, Supply Depot, Marine  
  85  6:20  Command Center  
  87  6:26  Marine  
  87  6:30  SCV  
  87  6:31  SCV  
  89  6:36  Marine, Siege Tank  
  87  6:43  SCV  
  87  6:44  Marine  
  79  6:52  Supply Depot  
  79  6:53  SCV, Refinery  
  79  6:54  Marine  
  76  6:55  SCV, Supply Depot  
  76  6:56  Weapon Refit  
  77  7:02  Marine  
  77  7:07  Battlecruiser  
  84  7:11  Marine  
  84  7:14  SCV  
  86  7:20  Marine  
  87  7:24  Siege Tank  
  87  7:25  SCV  
  87  7:26  SCV  
  87  7:29  Marine  
  93  7:37  Marine, Supply Depot, SCV  
  93  7:38  SCV  
  96  7:45  Engineering Bay  
  96  7:47  Marine  
  96  7:50  SCV x2  
  98  7:53  Bunker  
  98  7:55  Bunker, Marine  
  98  7:56  Siege Tank  
  102  8:02  SCV  
  102  8:03  SCV  
  102  8:05  Marine  
  90  8:13  Marine  
  90  8:14  SCV, Battlecruiser  
  90  8:15  SCV  
  95  8:23  Marine  
  95  8:31  Marine, Command Center  
  95  8:32  Siege Tank  
  95  8:34  SCV  
  99  8:40  Marine  
  96  8:49  Marine  
  82  8:58  Marine  
  82  9:02  SCV  
  69  9:06  Marine  
  69  9:07  Widow Mine  
Tags
 
Add a new tag
Caveats
  • Supply blocks, unpowered buildings, or Contaminate may cause inaccurate times.
  • Supply counts are checked every 10 seconds.